AoeStats
← b站江条

Arabia

510380802Analyzed
1v1 RM · 14h ago on Sep 30, 2026· 39m 37s· 2 players
Game mode
Random Map
Map size
Tiny (2 player)
Population
200
Speed
Normal
Resources
Standard
Victory
Conquest
Starting age
Dark Age
Ending age
Imperial Age
RankedLock teamsTeams togetherTeam positionsShared explorationLock speedFull tech treeHidden civsTurbo modeCheats
Victory
Defeat
🇨🇳 Maya · China
1388
+18
🇳🇱 Saracens · Netherlands
1431
-18
[TM] Goblin Wizard Bolton
7:14 Loom
9:17 Feudal Age
10:28 Double-Bit Axe
16:33 Forging
17:05 Scale Barding Armor
18:21 Horse Collar
20:14 Bloodlines
22:25 Town Watch
24:57 Castle Age
24:57 Light Cavalry
26:04 Chain Barding Armor
27:03 Wheelbarrow
27:48 Iron Casting
28:01 Husbandry
35:38 Imperial Age
36:36 Fletching
36:42 Hussar
38:05 Onager
39:10 Town Watch
b站江条
0:25 Loom
9:37 Feudal Age
10:32 Double-Bit Axe
17:49 Wheelbarrow
18:16 Fletching
21:39 Castle Age
19:53 Horse Collar
20:21 Gold Mining
22:42 Bow Saw
22:39 Bodkin Arrow
22:06 Crossbowman
25:41 Padded Archer Armor
28:22 Heavy Plow
33:45 Imperial Age
34:39 Guilds
35:51 Two-Man Saw
34:15 Arbalester
35:02 Thumb Ring
35:36 Bracer
39:20 Ballistics
40:00 Chemistry
Connection lost

Rejoining the realm…

Still unreachable

The connection could not be restored.

Session expired

The server has moved on; the page needs a fresh start.